EL
ALTOONA CURVE @ MOBILE BAYBEARS
05/07/2048
 
TOP OF THE 1ST
Altoona Curve batting - Pitching for Mobile BayBears : RHP John Capparelli
Pitching: RHP John Capparelli
Batting: LHB Sammy Roddenberry 0-0: Ball
1-0: Ball
2-0: Ball
3-0: Called Strike
3-1: Called Strike
3-2: Strikes out swinging
Batting: RHB Jose Almonte 0-0: Foul Ball, location: 2F
0-1: Called Strike
0-2: Ball
1-2: Ball
2-2: Fly out, F9 (Flyball, 9LSF, EV 82.5 MPH)
Batting: LHB Nick Rooney 0-0: Foul Ball, location: 2F
0-1: DOUBLE (Line Drive, 9LS, EV 96.2 MPH)
Batting: RHB Etsuro Hosokawa 0-0: DOUBLE (Groundball, 5L, EV 104.4 MPH)
Nick Rooney scores
Batting: LHB Ruben Garza 0-0: Called Strike
0-1: Foul Ball, location: 2F
0-2: Strikes out swinging
Top of the 1st over - 1 run, 2 hits, 0 errors, 1 left on base; Altoona 1 - Mobile 0
BOTTOM OF THE 1ST
Mobile BayBears batting - Pitching for Altoona Curve : RHP Joreão Zquete
Pitching: RHP Joreão Zquete
Batting: RHB Carlos Ballesteros 0-0: Ground out 5-3 (Groundball, 56, EV 82.5 MPH)
Batting: RHB Yasuo Nakata 0-0: Called Strike
0-1: Foul Ball, location: 2F
0-2: Ball
1-2: Foul Ball, location: 2F
1-2: Strikes out swinging
Batting: LHB Soo-yeon Kym 0-0: Ball
1-0: Ball
2-0: Foul Ball, location: 2F
2-1: Ball
3-1: Called Strike
3-2: Strikes out swinging
Bottom of the 1st over - 0 runs, 0 hits, 0 errors, 0 left on base; Altoona 1 - Mobile 0
TOP OF THE 2ND
Altoona Curve batting - Pitching for Mobile BayBears : RHP John Capparelli
Batting: RHB Freddy Quintero 0-0: Ball
1-0: SINGLE (Groundball, 56D, EV 98.1 MPH)
Batting: SHB Curtis Thompson 0-0: Ball
1-0: Called Strike
1-1: Ball
2-1: Swinging Strike
2-2: Foul Ball, location: 2F
2-2: Fly out, F1 (Line Drive, P, EV 65.6 MPH)
Lined into DP, 1-3 (Line Drive, P, EV 65.0 MPH)
Batting: RHB Keiji Nakajima 0-0: Called Strike
0-1: Foul Ball, location: 2F
0-2: Ball
1-2: SINGLE (Groundball, 6MD, EV 97.5 MPH)
Batting: RHB Pleun Smit 0-0: Ball
1-0: Ball
2-0: Called Strike
2-1: Ball
Keiji Nakajima steals 2nd, throwing error, E2
Keiji Nakajima to third
3-1: Called Strike
3-2: Strikes out swinging, 2-3 out at first.
Top of the 2nd over - 0 runs, 2 hits, 1 error, 1 left on base; Altoona 1 - Mobile 0
BOTTOM OF THE 2ND
Mobile BayBears batting - Pitching for Altoona Curve : RHP Joreão Zquete
Batting: RHB Blake Beale 0-0: Ground out U3 (Groundball, 34, EV 88.8 MPH)
Batting: RHB Chris Bittner 0-0: Swinging Strike
0-1: Ball
1-1: Swinging Strike
1-2: DOUBLE (Flyball, 89D, EV 115.6 MPH)
Batting: RHB Josh Burrows 0-0: Called Strike
0-1: Ball
1-1: Fly out, F9 (Line Drive, 9LM, EV 95.0 MPH)
Batting: RHB Paul Schreiber 0-0: Fly out, F8 (Flyball, 8LS, EV 94.4 MPH)
Bottom of the 2nd over - 0 runs, 1 hit, 0 errors, 1 left on base; Altoona 1 - Mobile 0
TOP OF THE 3RD
Altoona Curve batting - Pitching for Mobile BayBears : RHP John Capparelli
Batting: LHB Sammy Roddenberry 0-0: Called Strike
0-1: Ball
1-1: Fly out, F9 (Flyball, 9, EV 79.4 MPH)
Batting: RHB Jose Almonte 0-0: Ball
1-0: Ball
2-0: Called Strike
2-1: Ball
3-1: Called Strike
3-2: Foul Ball, location: 2F
3-2: Foul Ball, location: 2F
3-2: SINGLE (Line Drive, 6M, EV 95.6 MPH)
Batting: LHB Nick Rooney 0-0: Ball
1-0: Foul Ball, location: 2F
1-1: SINGLE (Line Drive, 89M, EV 105.6 MPH)
Jose Almonte to second
Batting: RHB Etsuro Hosokawa 0-0: Ball
1-0: Foul Ball, location: 2F
1-1: Ball
2-1: Foul Ball, location: 2F
2-2: Ball
3-2: Fielders Choice at 2nd, 6-4 (Groundball, 6, EV 99.4 MPH)
Jose Almonte to third
Batting: LHB Ruben Garza 0-0: Ball
1-0: Foul Ball, location: 2F
1-1: Fly out, F7 (Line Drive, 7, EV 90.0 MPH)
Top of the 3rd over - 0 runs, 2 hits, 0 errors, 2 left on base; Altoona 1 - Mobile 0
BOTTOM OF THE 3RD
Mobile BayBears batting - Pitching for Altoona Curve : RHP Joreão Zquete
Batting: RHB Franklin Villanueva 0-0: Swinging Strike
0-1: Swinging Strike
0-2: Strikes out swinging
Batting: RHB Jeremy Adams 0-0: Swinging Strike
0-1: Foul Ball, location: 2F
0-2: Ball
1-2: SINGLE (Groundball, 6MD, EV 107.5 MPH)
Batting: RHB Carlos Ballesteros 0-0: Called Strike
0-1: Foul Ball, location: 2F
0-2: Strikes out swinging
Batting: RHB Yasuo Nakata 0-0: Called Strike
0-1: Ball
1-1: Fielders Choice at 2nd, 5-4 (Groundball, 56, EV 82.5 MPH)
Bottom of the 3rd over - 0 runs, 1 hit, 0 errors, 1 left on base; Altoona 1 - Mobile 0
TOP OF THE 4TH
Altoona Curve batting - Pitching for Mobile BayBears : RHP John Capparelli
Batting: RHB Freddy Quintero 0-0: Called Strike
0-1: Foul Ball, location: 2F
0-2: Foul Ball, location: 2F
0-2: Ball
1-2: Ground out 6-3 (Groundball, 6, EV 88.1 MPH)
Batting: SHB Curtis Thompson 0-0: Ball
1-0: Ball
2-0: Called Strike
2-1: Ball
3-1: Called Strike
3-2: Foul Ball, location: 2F
3-2: Strikes out swinging
Batting: RHB Keiji Nakajima 0-0: Ground out 6-3 (Groundball, 6, EV 76.9 MPH)
Top of the 4th over - 0 runs, 0 hits, 0 errors, 0 left on base; Altoona 1 - Mobile 0
BOTTOM OF THE 4TH
Mobile BayBears batting - Pitching for Altoona Curve : RHP Joreão Zquete
Batting: LHB Soo-yeon Kym 0-0: SINGLE (Groundball, 6M, EV 101.2 MPH)
Batting: RHB Blake Beale 0-0: Ball
1-0: Fly out, F9 (Flyball, 9, EV 88.8 MPH)
Batting: RHB Chris Bittner 0-0: Swinging Strike
0-1: Ball
1-1: Fly out, F8 (Flyball, 8LD, EV 102.5 MPH)
Batting: RHB Josh Burrows 0-0: Foul Ball, location: 2F
0-1: Ball
1-1: 2-RUN HOME RUN (Line Drive, 9LD, EV 96.2 MPH), Distance : 343 ft
Batting: RHB Paul Schreiber 0-0: Called Strike
0-1: Swinging Strike
0-2: Strikes out looking
Bottom of the 4th over - 2 runs, 2 hits, 0 errors, 0 left on base; Altoona 1 - Mobile 2
TOP OF THE 5TH
Altoona Curve batting - Pitching for Mobile BayBears : RHP John Capparelli
Batting: RHB Pleun Smit 0-0: Foul Ball, location: 2F
0-1: Swinging Strike
0-2: Ball
1-2: Ball
2-2: Foul Ball, location: 2F
2-2: Strikes out swinging
Batting: LHB Sammy Roddenberry 0-0: Called Strike
0-1: Ball
1-1: Swinging Strike
1-2: Ball
2-2: Ball
3-2: Foul Ball, location: 2F
3-2: Strikes out swinging
Batting: RHB Jose Almonte 0-0: Ball
1-0: SINGLE (Line Drive, 4M, EV 98.8 MPH)
Batting: LHB Nick Rooney 0-0: Ball
1-0: Ground out U3 (Groundball, 34S, EV 75.0 MPH)
Top of the 5th over - 0 runs, 1 hit, 0 errors, 1 left on base; Altoona 1 - Mobile 2
BOTTOM OF THE 5TH
Mobile BayBears batting - Pitching for Altoona Curve : RHP Joreão Zquete
Batting: RHB Franklin Villanueva 0-0: Called Strike
0-1: Foul Ball, location: 2F
0-2: Foul Ball, location: 2F
0-2: Ball
1-2: Foul Ball, location: 2F
1-2: Strikes out swinging
Batting: RHB Jeremy Adams 0-0: Called Strike
0-1: Ball
1-1: Foul Ball, location: 2F
1-2: Foul Ball, location: 2F
1-2: Strikes out swinging
Batting: RHB Carlos Ballesteros 0-0: Foul Ball, location: 2F
0-1: Swinging Strike
0-2: Strikes out swinging
Bottom of the 5th over - 0 runs, 0 hits, 0 errors, 0 left on base; Altoona 1 - Mobile 2
TOP OF THE 6TH
Altoona Curve batting - Pitching for Mobile BayBears : RHP John Capparelli
Batting: RHB Etsuro Hosokawa 0-0: Ball
1-0: Foul Ball, location: 2F
1-1: Swinging Strike
1-2: Ball
2-2: TRIPLE (Flyball, 78XD, EV 112.5 MPH)
Batting: LHB Ruben Garza 0-0: Swinging Strike
0-1: Ball
1-1: Foul Ball, location: 2F
1-2: Ball
2-2: SINGLE (Line Drive, 4D, EV 100.0 MPH)
Etsuro Hosokawa scores
Pitching: RHP Jason Hammons
Batting: RHB Freddy Quintero 0-0: Ball
Wild Pitch!
Ruben Garza to second
1-0: Foul Ball, location: 2F
1-1: Ball
2-1: Called Strike
2-2: Ball
3-2: Strikes out swinging
Batting: SHB Curtis Thompson 0-0: Fly out, F8 (Line Drive, 78D, EV 94.4 MPH)
Batting: RHB Keiji Nakajima 0-0: Ball
1-0: Foul Ball, location: 2F
1-1: Called Strike
1-2: Ball
2-2: Ground out 5-3 (Groundball, 56, EV 88.1 MPH)
Top of the 6th over - 1 run, 2 hits, 0 errors, 1 left on base; Altoona 2 - Mobile 2
BOTTOM OF THE 6TH
Mobile BayBears batting - Pitching for Altoona Curve : RHP Joreão Zquete
Batting: RHB Yasuo Nakata 0-0: Called Strike
0-1: Foul Ball, location: 2F
0-2: Foul Ball, location: 2F
0-2: Ball
1-2: Foul Ball, location: 2F
1-2: Strikes out swinging
Batting: LHB Soo-yeon Kym 0-0: Ball
1-0: Ball
2-0: SINGLE (Groundball, 6M, EV 101.9 MPH) (infield hit)
Batting: RHB Blake Beale 0-0: Fielders Choice at 2nd, 5-4 (Groundball, 5, EV 87.5 MPH)
Batting: RHB Chris Bittner 0-0: Swinging Strike
0-1: Ball
1-1: Called Strike
1-2: Ball
Wild Pitch!
Blake Beale to second
2-2: Foul Ball, location: 2F
2-2: Strikes out swinging
Bottom of the 6th over - 0 runs, 1 hit, 0 errors, 1 left on base; Altoona 2 - Mobile 2
TOP OF THE 7TH
Altoona Curve batting - Pitching for Mobile BayBears : RHP Jason Hammons
Pitching: LHP Heath Henderson
Batting: RHB Pleun Smit 0-0: Ball
1-0: Called Strike
1-1: Swinging Strike
1-2: Ball
2-2: SINGLE (Flyball, 56D, EV 90.6 MPH)
Batting: LHB Sammy Roddenberry 0-0: Bunted foul
0-1: Bunt missed!
0-2: Ball
1-2: Foul Ball, location: 2F
1-2: Ball
2-2: Grounds into double play, 6-4-3 (Groundball, 6, EV 90.0 MPH)
Batting: RHB Jose Almonte 0-0: Called Strike
0-1: Ground out 6-3 (Groundball, 6, EV 85.6 MPH)
Top of the 7th over - 0 runs, 1 hit, 0 errors, 0 left on base; Altoona 2 - Mobile 2
BOTTOM OF THE 7TH
Mobile BayBears batting - Pitching for Altoona Curve : RHP Joreão Zquete
Batting: RHB Josh Burrows 0-0: Called Strike
0-1: Ground out 6-3 (Groundball, 6, EV 83.1 MPH)
Batting: RHB Paul Schreiber 0-0: Called Strike
0-1: Ball
1-1: SINGLE (Flyball, 4D, EV 90.0 MPH)
Batting: RHB Franklin Villanueva 0-0: Grounds into double play, 5-4-3 (Groundball, 56S, EV 86.2 MPH)
Bottom of the 7th over - 0 runs, 1 hit, 0 errors, 0 left on base; Altoona 2 - Mobile 2
TOP OF THE 8TH
Altoona Curve batting - Pitching for Mobile BayBears : LHP Heath Henderson
Batting: LHB Nick Rooney 0-0: Ball
1-0: Ball
2-0: Called Strike
2-1: Ball
3-1: Fly out, F9 (Flyball, 89D, EV 100.6 MPH)
Batting: RHB Etsuro Hosokawa 0-0: Foul Ball, location: 2F
0-1: Ball
1-1: Foul Ball, location: 2F
1-2: Ball
2-2: Ball
3-2: Strikes out swinging
Batting: LHB Ruben Garza 0-0: Ball
1-0: Swinging Strike
1-1: Called Strike
1-2: Ground out U3 (Groundball, 34, EV 91.9 MPH)
Top of the 8th over - 0 runs, 0 hits, 0 errors, 0 left on base; Altoona 2 - Mobile 2
BOTTOM OF THE 8TH
Mobile BayBears batting - Pitching for Altoona Curve : RHP Joreão Zquete
Batting: RHB Jeremy Adams 0-0: Ball
1-0: Called Strike
1-1: Foul Ball, location: 2F
1-2: Ball
2-2: Strikes out swinging
Batting: RHB Carlos Ballesteros 0-0: Ball
1-0: Foul Ball, location: 2F
1-1: SINGLE (Line Drive, 6D, EV 99.4 MPH)
Batting: RHB Yasuo Nakata 0-0: Foul Ball, location: 2F
0-1: Ball
1-1: Ball
Carlos Ballesteros steals 2nd base
2-1: SINGLE (Line Drive, 34D, EV 111.2 MPH)
Carlos Ballesteros to third
Runner from 3rd tries for Home, SAFE, throw by RF to home
Batting: LHB Soo-yeon Kym 0-0: Hit by Pitch
Yasuo Nakata to second
Batting: RHB Blake Beale 0-0: Called Strike
Yasuo Nakata is caught stealing 3rd base 2-5
0-1: Fly out, F8 (Line Drive, 8RM, EV 86.2 MPH)
Bottom of the 8th over - 1 run, 2 hits, 0 errors, 1 left on base; Altoona 2 - Mobile 3
TOP OF THE 9TH
Altoona Curve batting - Pitching for Mobile BayBears : LHP Heath Henderson
Pitching: RHP Edwin Martinez
Now at 1B: T.J. Duvall
Batting: RHB Freddy Quintero 0-0: Ground out 5-3 (Groundball, 5, EV 86.2 MPH)
Batting: SHB Curtis Thompson 0-0: Ball
1-0: Called Strike
1-1: Foul Ball, location: 2F
1-2: Strikes out swinging
Pinch Hitting: LHB Phil DeCamp 0-0: Ball
1-0: Ball
2-0: Ball
3-0: Base on Balls
Batting: RHB Pleun Smit 0-0: Fly out, F3 (Popup, 3SF, EV 85.0 MPH)
Top of the 9th over - 0 runs, 0 hits, 0 errors, 1 left on base; Altoona 2 - Mobile 3
Tuesday, March 28th , 2023 - OOTP Baseball 23.10 Build 110